Map: Orbital Shipyard

Players

Miszu

  • Race: Terran Terran
  • League: Master

IlIlIlIlIl - Winner!

  • Race: Protoss Protoss
  • League: Master

VOD

Have the link to the VOD?

Description

Time

  • Played on: March 22, 2016, 4:03 p.m.
  • Length: 3:26
Show
View Real Time Build Order
Export as new Build Order

Miszu Terran 

Build Orders:  

Get SALT Encoding   

  12  0:01  SCV  
  13  0:13  SCV  
  14  0:18  Supply Depot  
  14  0:25  SCV  
  15  0:45  Barracks  
  15  0:52  Barracks  
  15  1:06  Barracks  
  15  1:38  Marine  
  15  1:41  Marine  
  15  1:45  Barracks  
  16  1:52  Marine  
  16  1:54  Supply Depot  
  17  1:56  Marine  
  17  1:59  Marine  
  19  2:10  Marine  
  19  2:14  Marine  
  21  2:17  Marine  
  22  2:28  Marine  
  23  2:32  Marine  
  23  2:33  Marine  
  23  2:34  Marine  
  24  2:46  Marine  
  24  2:50  Marine  
  23  2:51  Marine  
  23  2:52  Marine  
  22  3:04  Marine  
  23  3:07  Marine  
Show
View Real Time Build Order
Export as new Build Order

IlIlIlIlIl Protoss - Winner!

Build Orders:  

Get SALT Encoding   

  12  0:01  Probe (Chrono Boost)  
  13  0:11  Probe (Chrono Boost)  
  14  0:16  Pylon  
  14  0:22  Probe (Chrono Boost)  
  15  0:35  Probe (Chrono Boost)  
  16  0:38  Gateway  
  16  0:44  Assimilator  
  16  0:47  Probe (Chrono Boost)  
  17  0:58  Probe (Chrono Boost)  
  17  1:03  Assimilator  
  18  1:08  Gateway  
  18  1:15  Probe (Chrono Boost)  
  19  1:25  Probe, Zealot (Chrono Boost)  
  22  1:35  Cybernetics Core  
  22  1:53  Pylon  
  22  2:11  Stalker (Chrono Boost)  
  22  2:12  Stalker (Chrono Boost)  
  27  2:16  Mothership Core (Chrono Boost)  
  27  2:24  Pylon  
  27  2:32  Pylon  
  27  2:45  Stalker (Chrono Boost)  
  27  2:48  Sentry (Chrono Boost)  
  29  2:58  Probe  
Tags
 
Add a new tag
Caveats
  • Supply blocks, unpowered buildings, or Contaminate may cause inaccurate times.
  • Supply counts are checked every 10 seconds.